TOP OF THE 1ST |
Sioux Falls Packers batting - Pitching for St. Cloud Rox : RHP Lawrence Crews
|
Pitching: RHP Lawrence Crews
|
|
Batting: RHB Donald Devlin
|
0-0: Ball 1-0: Foul Ball, location: 2F 1-1: Ground out 3-1 (Groundball, 34, EV 83.8 MPH)
|
Batting: RHB Kenneth Clayton
|
0-0: Ball 1-0: Foul Ball, location: 2F 1-1: Swinging Strike 1-2: Foul Ball, location: 2F 1-2: Foul Ball, location: 2F 1-2: Strikes out looking
|
Batting: LHB Pedro Nunez
|
0-0: Foul Ball, location: 2F 0-1: Swinging Strike 0-2: Foul Ball, location: 2F 0-2: Ball 1-2: Ball 2-2: Ground out 6-3 (Groundball, 4MS, EV 74.4 MPH)
|
Top of the 1st over - 0 runs, 0 hits, 0 errors, 0 left on base; Sioux Falls 0 - St. Cloud 0 |
BOTTOM OF THE 1ST |
St. Cloud Rox batting - Pitching for Sioux Falls Packers : LHP Bob Baldrick
|
Pitching: LHP Bob Baldrick
|
|
Batting: LHB Tim Flannery
|
0-0: Swinging Strike 0-1: Ground out 6-3 (Groundball, 56, EV 96.3 MPH)
|
Batting: RHB Ron Gooch
|
0-0: Called Strike 0-1: SINGLE (Groundball, 6MD, EV 94.4 MPH)
|
Batting: SHB R J Reynolds
|
0-0: Called Strike 0-1: Ball 1-1: Called Strike 1-2: Foul Ball, location: 2F 1-2: Ball 2-2: Grounds into double play, 4-6-3 (Groundball, 4, EV 103.1 MPH)
|
Bottom of the 1st over - 0 runs, 1 hit, 0 errors, 0 left on base; Sioux Falls 0 - St. Cloud 0 |
TOP OF THE 2ND |
Sioux Falls Packers batting - Pitching for St. Cloud Rox : RHP Lawrence Crews
|
Batting: LHB Michael Wishnevski
|
0-0: Ball 1-0: SOLO HOME RUN (Flyball, 89XD, EV 109.4 MPH), Distance : 390 ft
|
Batting: RHB Tracy Cowger
|
0-0: Ball 1-0: Ground out 4-3 (Groundball, 4, EV 100.0 MPH)
|
Batting: SHB Dan Hanggie
|
0-0: Ball 1-0: Fly out, F8 (Flyball, 89D, EV 91.9 MPH)
|
Batting: LHB Richard Wilkinson
|
0-0: Ground out 5-3 (Groundball, 56S, EV 74.4 MPH)
|
Top of the 2nd over - 1 run, 1 hit, 0 errors, 0 left on base; Sioux Falls 1 - St. Cloud 0 |
BOTTOM OF THE 2ND |
St. Cloud Rox batting - Pitching for Sioux Falls Packers : LHP Bob Baldrick
|
Batting: RHB Domingos Maravilhas
|
0-0: Ball 1-0: Ball 2-0: Ground out 6-3 (Groundball, 6, EV 85.6 MPH)
|
Batting: LHB Curtis Morgan
|
0-0: Ball 1-0: DOUBLE (Line Drive, 78D, EV 103.8 MPH)
|
Batting: SHB Manny Galvez
|
0-0: Foul Ball, location: 2F 0-1: Ball 1-1: Swinging Strike 1-2: Ground out 5-3 (Groundball, 56S, EV 86.9 MPH)
|
Batting: RHB Tony Castillo
|
0-0: Called Strike 0-1: Ground out U3 (Groundball, 3, EV 83.1 MPH)
|
Bottom of the 2nd over - 0 runs, 1 hit, 0 errors, 1 left on base; Sioux Falls 1 - St. Cloud 0 |
TOP OF THE 3RD |
Sioux Falls Packers batting - Pitching for St. Cloud Rox : RHP Lawrence Crews
|
Batting: RHB Javier Flores
|
0-0: DOUBLE (Flyball, 8LXD, EV 100.0 MPH)
|
Batting: RHB Francisco Perez
|
0-0: Ball 1-0: Called Strike 1-1: Ground out 6-3 (Groundball, 6, EV 85.0 MPH) Javier Flores to third
|
Batting: RHB Donald Devlin
|
0-0: Ball 1-0: Ball 2-0: Ball 3-0: Called Strike 3-1: Foul Ball, location: 2F 3-2: DOUBLE (Line Drive, 8RD, EV 106.9 MPH) Javier Flores scores
|
Batting: RHB Kenneth Clayton
|
0-0: Ball 1-0: Foul Ball, location: 2F 1-1: Called Strike 1-2: Foul Ball, location: 2F 1-2: Foul Ball, location: 2F 1-2: Foul Ball, location: 2F 1-2: Ball 2-2: Ball 3-2: Fly out, F7 (Line Drive, 7D, EV 102.5 MPH)
|
Batting: LHB Pedro Nunez
|
0-0: Foul Ball, location: 2F 0-1: Ball 1-1: Fly out, F5 (Line Drive, 5, EV 71.3 MPH)
|
Top of the 3rd over - 1 run, 2 hits, 0 errors, 1 left on base; Sioux Falls 2 - St. Cloud 0 |
BOTTOM OF THE 3RD |
St. Cloud Rox batting - Pitching for Sioux Falls Packers : LHP Bob Baldrick
|
Batting: RHB Dennis Sherrill
|
0-0: Ball 1-0: Ball 2-0: Fly out, F9 (Flyball, 9S, EV 86.3 MPH)
|
Batting: RHB Carlos Amezcua
|
0-0: Ground out 6-3 (Groundball, 6, EV 101.3 MPH)
|
Batting: LHB Tim Flannery
|
0-0: Ball 1-0: Called Strike 1-1: Foul Ball, location: 2F 1-2: Ground out U3 (Groundball, 34S, EV 73.1 MPH)
|
Bottom of the 3rd over - 0 runs, 0 hits, 0 errors, 0 left on base; Sioux Falls 2 - St. Cloud 0 |
TOP OF THE 4TH |
Sioux Falls Packers batting - Pitching for St. Cloud Rox : RHP Lawrence Crews
|
Batting: LHB Michael Wishnevski
|
0-0: Ball 1-0: Called Strike 1-1: Foul Ball, location: 2F 1-2: Foul Ball, location: 2F 1-2: Foul Ball, location: 2F 1-2: Ball 2-2: Ground out 1-3 (Groundball, 13S, EV 66.3 MPH)
|
Batting: RHB Tracy Cowger
|
0-0: Ball 1-0: Called Strike 1-1: Foul Ball, location: 2F 1-2: Strikes out swinging
|
Batting: SHB Dan Hanggie
|
0-0: Called Strike 0-1: Ball 1-1: SINGLE (Line Drive, 78M, EV 105.0 MPH)
|
Batting: LHB Richard Wilkinson
|
0-0: Ball 1-0: Called Strike 1-1: Foul Ball, location: 2F 1-2: Foul Ball, location: 2F 1-2: Ball 2-2: SINGLE (Groundball, 4MD, EV 100.6 MPH) Dan Hanggie to second Runner from 2nd tries for 3rd, SAFE, no throw by CF
|
Batting: RHB Javier Flores
|
0-0: Swinging Strike 0-1: Ball 1-1: Fly out, F9 (Line Drive, 9, EV 92.5 MPH)
|
Top of the 4th over - 0 runs, 2 hits, 0 errors, 2 left on base; Sioux Falls 2 - St. Cloud 0 |
BOTTOM OF THE 4TH |
St. Cloud Rox batting - Pitching for Sioux Falls Packers : LHP Bob Baldrick
|
Batting: RHB Ron Gooch
|
0-0: Fly out, F3 (Flyball, 3D, EV 90.6 MPH)
|
Batting: SHB R J Reynolds
|
0-0: Ball 1-0: Ball 2-0: SINGLE (Groundball, 6MD, EV 97.5 MPH)
|
Batting: RHB Domingos Maravilhas
|
0-0: Ball 1-0: Fly out, F4 (Flyball, 34D, EV 83.1 MPH)
|
Batting: LHB Curtis Morgan
|
0-0: Ball 1-0: Ball 2-0: Ground out 6-3 (Groundball, 6MD, EV 103.8 MPH)
|
Bottom of the 4th over - 0 runs, 1 hit, 0 errors, 1 left on base; Sioux Falls 2 - St. Cloud 0 |
TOP OF THE 5TH |
Sioux Falls Packers batting - Pitching for St. Cloud Rox : RHP Lawrence Crews
|
Batting: RHB Francisco Perez
|
0-0: Called Strike 0-1: Reached on error, E5 (Groundball, 56, EV 92.5 MPH)
|
Batting: RHB Donald Devlin
|
0-0: Ball 1-0: Called Strike 1-1: Ball 2-1: Fly out, F7 (Flyball, 7, EV 98.8 MPH)
|
Batting: RHB Kenneth Clayton
|
0-0: Ball 1-0: Foul Ball, location: 2F 1-1: Fly out, F7 (Flyball, 78S, EV 88.8 MPH)
|
Batting: LHB Pedro Nunez
|
0-0: Foul Ball, location: 2F 0-1: Called Strike 0-2: Ball 1-2: Strikes out swinging
|
Top of the 5th over - 0 runs, 0 hits, 1 error, 1 left on base; Sioux Falls 2 - St. Cloud 0 |
BOTTOM OF THE 5TH |
St. Cloud Rox batting - Pitching for Sioux Falls Packers : LHP Bob Baldrick
|
Batting: SHB Manny Galvez
|
0-0: Called Strike 0-1: Ball 1-1: Fly out, F7 (Line Drive, 7, EV 86.3 MPH)
|
Batting: RHB Tony Castillo
|
0-0: Called Strike 0-1: Ball 1-1: Ball 2-1: Called Strike 2-2: Foul Ball, location: 2F 2-2: Ground out 6-3 (Groundball, 6MS, EV 71.9 MPH)
|
Batting: RHB Dennis Sherrill
|
0-0: Ball 1-0: Ground out 6-3 (Groundball, 56, EV 111.3 MPH)
|
Bottom of the 5th over - 0 runs, 0 hits, 0 errors, 0 left on base; Sioux Falls 2 - St. Cloud 0 |
TOP OF THE 6TH |
Sioux Falls Packers batting - Pitching for St. Cloud Rox : RHP Lawrence Crews
|
Batting: LHB Michael Wishnevski
|
0-0: Swinging Strike 0-1: Ball 1-1: Ball 2-1: Fly out, F9 (Line Drive, 9, EV 90.6 MPH)
|
Batting: RHB Tracy Cowger
|
0-0: Fly out, F8 (Flyball, 8RXD, EV 97.5 MPH)
|
Batting: SHB Dan Hanggie
|
0-0: Called Strike 0-1: Foul Ball, location: 2F 0-2: Foul Ball, location: 2F 0-2: Ball 1-2: Ball 2-2: SINGLE (Flyball, 8LS, EV 85.6 MPH)
|
Batting: LHB Richard Wilkinson
|
0-0: Called Strike 0-1: Foul Ball, location: 2F 0-2: Foul Ball, location: 2F 0-2: Ball 1-2: Foul Ball, location: 2F 1-2: Foul Ball, location: 2F 1-2: Ball 2-2: Ball 3-2: SINGLE (Line Drive, 8LM, EV 100.6 MPH) Dan Hanggie to second Dan Hanggie to third
|
Pitching: LHP Gibson Alba
|
|
Batting: RHB Javier Flores
|
0-0: Called Strike 0-1: Ball 1-1: Foul Ball, location: 2F 1-2: Ball 2-2: Ball 3-2: Ground out 5-3 (Groundball, 56, EV 101.9 MPH)
|
Top of the 6th over - 0 runs, 2 hits, 0 errors, 2 left on base; Sioux Falls 2 - St. Cloud 0 |
BOTTOM OF THE 6TH |
St. Cloud Rox batting - Pitching for Sioux Falls Packers : LHP Bob Baldrick
|
Batting: RHB Carlos Amezcua
|
0-0: Called Strike 0-1: Fly out, F9 (Flyball, 9, EV 88.8 MPH)
|
Batting: LHB Tim Flannery
|
0-0: Ball 1-0: Ball 2-0: Fly out, F2 (Popup, 25F, EV 75.6 MPH)
|
Batting: RHB Ron Gooch
|
0-0: Ball 1-0: Ball 2-0: Called Strike 2-1: Ball 3-1: Ground out 5-3 (Groundball, 5L, EV 106.9 MPH)
|
Bottom of the 6th over - 0 runs, 0 hits, 0 errors, 0 left on base; Sioux Falls 2 - St. Cloud 0 |
TOP OF THE 7TH |
Sioux Falls Packers batting - Pitching for St. Cloud Rox : LHP Gibson Alba
|
Batting: RHB Francisco Perez
|
0-0: Ball 1-0: Fly out, F9 (Flyball, 89D, EV 79.4 MPH)
|
Batting: RHB Donald Devlin
|
0-0: Ground out 6-3 (Groundball, 6, EV 86.9 MPH)
|
Batting: RHB Kenneth Clayton
|
0-0: Ball 1-0: Foul Ball, location: 2F 1-1: Foul Ball, location: 2F 1-2: Ball 2-2: Strikes out swinging
|
Top of the 7th over - 0 runs, 0 hits, 0 errors, 0 left on base; Sioux Falls 2 - St. Cloud 0 |
BOTTOM OF THE 7TH |
St. Cloud Rox batting - Pitching for Sioux Falls Packers : LHP Bob Baldrick
|
Batting: SHB R J Reynolds
|
0-0: Foul Ball, location: 2F 0-1: SINGLE (Flyball, 6D, EV 90.6 MPH)
|
Batting: RHB Domingos Maravilhas
|
0-0: Ball 1-0: Foul Ball, location: 2F 1-1: Fly out, F8 (Flyball, 8RD, EV 86.9 MPH)
|
Batting: LHB Curtis Morgan
|
0-0: Ball 1-0: Ball 2-0: Called Strike 2-1: Foul Ball, location: 2F 2-2: SINGLE (Groundball, 34, EV 96.9 MPH) R J Reynolds to second Runner from 2nd tries for 3rd, SAFE, throw by RF made to third
|
Batting: SHB Manny Galvez
|
0-0: Ball 1-0: SINGLE (Flyball, 9S, EV 90.6 MPH) R J Reynolds scores Curtis Morgan to second Runner from 2nd tries for 3rd, SAFE, throw by RF made to third
|
Batting: RHB Tony Castillo
|
0-0: Ball 1-0: Grounds into double play, 6-4-3 (Groundball, 6, EV 81.3 MPH)
|
Bottom of the 7th over - 1 run, 3 hits, 0 errors, 1 left on base; Sioux Falls 2 - St. Cloud 1 |
TOP OF THE 8TH |
Sioux Falls Packers batting - Pitching for St. Cloud Rox : LHP Gibson Alba
|
Batting: LHB Pedro Nunez
|
0-0: Ball 1-0: Foul Ball, location: 2F 1-1: Ball 2-1: Ball 3-1: Base on Balls
|
Batting: LHB Michael Wishnevski
|
0-0: Fly out, F8 (Flyball, 8RM, EV 85.6 MPH)
|
Batting: RHB Tracy Cowger
|
0-0: Ball 1-0: Fly out, F9 (Flyball, 9D, EV 100.0 MPH)
|
Batting: SHB Dan Hanggie
|
0-0: Ball 1-0: Ball 2-0: SINGLE (Flyball, 8RS, EV 90.6 MPH) Pedro Nunez to second
|
Pinch Runner at 2nd Michael Schervish:
|
|
Batting: LHB Richard Wilkinson
|
0-0: Called Strike 0-1: Foul Ball, location: 2F 0-2: Foul Ball, location: 2F 0-2: Foul Ball, location: 2F 0-2: Strikes out swinging
|
Top of the 8th over - 0 runs, 1 hit, 0 errors, 2 left on base; Sioux Falls 2 - St. Cloud 1 |
BOTTOM OF THE 8TH |
St. Cloud Rox batting - Pitching for Sioux Falls Packers : LHP Bob Baldrick
|
Now in RF: Daniel Gausepohl
|
|
Batting: RHB Dennis Sherrill
|
0-0: Called Strike 0-1: Reached on error, E5 (Groundball, 5, EV 107.5 MPH)
|
Pinch Hitting: RHB Ron Gardenhire
|
0-0: Ball 1-0: Ball 2-0: Swinging Strike 2-1: Fly out, F9 (Flyball, 9LS, EV 86.9 MPH)
|
Batting: LHB Tim Flannery
|
0-0: SINGLE (Line Drive, 7LS, EV 106.9 MPH) Dennis Sherrill to third Runner from 3rd tries for Home, SAFE, throw by LF to home
|
Batting: RHB Ron Gooch
|
0-0: Called Strike 0-1: Ball 1-1: Ball 2-1: Ball 3-1: Base on Balls Tim Flannery to second
|
Batting: SHB R J Reynolds
|
0-0: Ball Tim Flannery steals 3rd base Ron Gooch to second 1-0: Intentional Walk
|
Batting: RHB Domingos Maravilhas
|
0-0: Ball 1-0: Foul Ball, location: 2F 1-1: Ball 2-1: Ball 3-1: Foul Ball, location: 2F 3-2: Fly out, F8 (Flyball, 8RD, EV 96.3 MPH) Runner from 3rd tags up, SCORES, throw by CF Ron Gooch to third
|
Batting: LHB Curtis Morgan
|
0-0: Ball 1-0: Fly out, F6 (Line Drive, 6, EV 65.0 MPH)
|
Bottom of the 8th over - 2 runs, 1 hit, 1 error, 2 left on base; Sioux Falls 2 - St. Cloud 3 |
TOP OF THE 9TH |
Sioux Falls Packers batting - Pitching for St. Cloud Rox : LHP Gibson Alba
|
Pitching: RHP Mitch Zwolensky
|
|
Now at 3B: Ron Gardenhire
|
|
Pinch Hitting: LHB Michael Robbins
|
0-0: Ball 1-0: Ball 2-0: Called Strike 2-1: Ball 3-1: Foul Ball, location: 2F 3-2: SINGLE (Groundball, 56D, EV 106.9 MPH)
|
Batting: RHB Francisco Perez
|
0-0: Ball 1-0: Called Strike 1-1: Ball 2-1: Ball 3-1: Bunted foul 3-2: Fly out, F3 (Line Drive, 3, EV 73.8 MPH)
|
Batting: RHB Donald Devlin
|
0-0: Called Strike 0-1: Ball 1-1: Foul Ball, location: 2F 1-2: Ball 2-2: Strikes out swinging
|
Batting: RHB Kenneth Clayton
|
0-0: Called Strike 0-1: Fielders Choice at 2nd, 6-4 (Groundball, 6, EV 101.9 MPH)
|
Top of the 9th over - 0 runs, 1 hit, 0 errors, 1 left on base; Sioux Falls 2 - St. Cloud 3 |
|